 Dungeon Crawl Stone Soup version 0.22.1-1-ga44c0e5 (webtiles) character file.

53 suicidejoker the Skirmisher (level 3, 0/26 HPs)
             Began as a Demonspawn Fighter on Oct 8, 2018.
             Slain by an adder (2 damage)
             ... on level 2 of the Dungeon.
             The game lasted 00:01:04 (788 turns).

suicidejoker the Skirmisher (Demonspawn Fighter)     Turns: 788, Time: 00:01:05

Health: 0/26       AC:  8    Str: 17    XL:     3   Next: 64%
Magic:  3/3        EV:  7    Int:  9    God:
Gold:   91         SH:  9    Dex: 12    Spells: 2/2 levels left

rFire    . . .     SeeInvis .   a - +0 flail
rCold    . . .     Gourm    .   c - +0 shield
rNeg     . . .     Faith    .   b - +0 scale mail
rPois    .         Spirit   .   (helmet restricted)
rElec    .         Reflect  .   (no cloak)
rCorr    .         Harm     .   (no gloves)
MR       .....                  (no boots)
Stlth    ..........             (no amulet)
HPRegen  0.08/turn              (no ring)
MPRegen  0.08/turn              (no ring)

@: no status effects
A: antennae 1, thin metallic scales 1, frail 1
a: no special abilities


You were on level 2 of the Dungeon.
You were not hungry.

You visited 1 branch of the dungeon, and saw 2 of its levels.

You collected 91 gold pieces.

Inventory:

Hand Weapons
 a - a +0 flail (weapon)
 i - a +0 flail of holy wrath
Missiles
 j - a throwing net (quivered)
Armour
 b - a +0 scale mail (worn)
 c - a +0 shield (worn)
 e - a cursed +0 helmet
Scrolls
 g - a scroll of enchant weapon {unknown}
 h - a scroll of magic mapping {unknown}
 k - a scroll of noise {unknown}
 l - 2 scrolls of remove curse {unknown}
 m - 2 scrolls of identify {unknown}
Potions
 d - a potion of might
Comestibles
 f - 2 rations


   Skills:
 + Level 3.4 Fighting
 * Level 2.6 Maces & Flails
 + Level 3.0 Armour
 + Level 3.0 Shields


You had 2 spell levels left.
You didn't know any spells.
Your spell library was empty.

Dungeon Overview and Level Annotations

Branches:
Dungeon (2/15)

Altars:


Innate Abilities, Weirdness & Mutations

You are partially covered in thin metallic scales. (AC +2)
You have a pair of small antennae on your head.
You are frail. (-10% HP)


Message History

You closely miss the adder.
The adder is heavily wounded.
The adder bites you but does no damage. The adder barely misses you.
You closely miss the adder.
The adder is heavily wounded.
The adder completely misses you. The adder bites you.
You hit the adder.
The adder is severely wounded.
You block the adder's attack. The worm bites you!
* * * LOW HITPOINT WARNING * * *
The adder bites you.
* * * LOW HITPOINT WARNING * * *
Your shield prevents you from hitting the adder.
The adder is severely wounded.
The adder barely misses you. The worm bites you.
* * * LOW HITPOINT WARNING * * *
It was a potion of mutation.
You feel extremely strange.
You feel frail. A pair of antennae grows on your head!
Your cursed +0 helmet falls away!
The adder bites you.
You die...

#####....####.#
.............#.. ..
#####...######.# ..
#...######.# #.
#..........#..
######...#####..#.# #
#................#.#.##
.................S....#
#...............@w..<.#
####.#........)......#
#.#....####......... #
#....# #.......##
#....# ##........
#....# ##.....##
......# ##.#.# ####.###
..... #. ##.##


You could see a worm and an adder.

Vanquished Creatures
  3 gnolls (D:2)
  An adder (D:2)
  2 bats
  A giant cockroach (D:2)
  2 goblins
  3 hobgoblins
  3 frilled lizards (D:1)
  A kobold (D:1)
  4 rats
20 creatures vanquished.

Notes
Turn   | Place    | Note
-------+----------+-------------------------------------------
     0 | D:1      | suicidejoker the Demonspawn Fighter began the quest for the
                  | Orb.
     0 | D:1      | Reached XP level 1. HP: 18/18 MP: 1/1
   313 | D:1      | You fall through a shaft!
   320 | D:2      | Gained mutation: You are partially covered in thin metallic
                  | scales. (AC +2) [demonic ancestry]
   320 | D:2      | Reached XP level 2. HP: 24/24 MP: 2/2
   334 | D:2      | Reached XP level 3. HP: 7/29 MP: 3/3
   788 | D:2      | Gained mutation: You are frail. (-10% HP) [potion of
                  | mutation]
   788 | D:2      | Gained mutation: You have a pair of small antennae on your
                  | head. [potion of mutation]
   788 | D:2      | Slain by an adder

Skill      XL: |  1  2 |
---------------+-------+-----
Maces & Flails | 2 |  2.6
Armour         | 3 |  3.0
Shields        | 3 |  3.0
Fighting       | |  3.4

Action                   || total
-------------------------++-------
Melee: Flail             ||    67
  Use: Potion            ||     1
Armor: Scale mail        ||    24
Dodge: Dodged            ||    22
Block: Shield            ||    30
